 Dungeon Crawl Stone Soup version 0.30-a0-782-ge64f9170bb (webtiles) character file.

Game seed: 10638181778601398267

154 timneilson the Shield-Bearer (level 5, -4/33 HPs)
             Began as a Gargoyle Fighter on Feb 18, 2023.
             Killed from afar by Natasha (19 damage)
             ... with a bolt of light
             ... on level 4 of the Dungeon.
             The game lasted 00:05:57 (2384 turns).

timneilson the Shield-Bearer (Gargoyle Fighter)     Turns: 2384, Time: 00:05:57

Health: -4/33      AC: 17    Str: 20    XL:     5   Next: 35%
Magic:  5/5        EV:  7    Int:  8    God:
Gold:   174        SH:  0    Dex: 11    Spells: 4/4 levels left

rFire   . . .      SeeInvis .    a - +0 long sword (freeze)
rCold   . . .      Faith    .    c - +0 buckler
rNeg    + . .      Spirit   .    e - +0 chain mail
rPois   ∞          Reflect  +    (no helmet)
rElec   +          Harm     .    h - +1 cloak
rCorr   .          Rampage  .    n - +1 Delatra's gloves {ID++}
Will    .....                    (no boots) Stlth
                                 k - amulet of reflection
HPRegen 0.25/turn                (no ring)
MPRegen 0.09/turn                (no ring)

@: confused
A: sickness immunity, AC +4, negative energy resistance 1, electricity
resistance, torment resistance 1, petrification resistance
a: no special abilities


You were on level 4 of the Dungeon.
You visited 1 branch of the dungeon, and saw 4 of its levels.

You collected 174 gold pieces.

Inventory:

Hand Weapons
 a - a +0 long sword of freezing (weapon)
Armour
 c - a +0 buckler (worn)
 e - a +0 chain mail (worn)
 h - a +1 cloak (worn)
 n - the +1 Delatra's gloves (worn) {ID++}
   (You found it on level 3 of the Dungeon)

   ID++:      It heals its wearer when they drink unknown potions, and restores
   their MP when they read unknown scrolls.
Jewellery
 k - an amulet of reflection (around neck)
Scrolls
 j - 3 scrolls of teleportation
 m - a scroll of vulnerability {unknown}
Potions
 b - a potion of flight {unknown}
 d - a potion of might
 f - a potion of magic {unknown}
 g - a potion of haste {unknown}
 i - a potion of ambrosia {unknown}
 l - a potion of cancellation {unknown}


   Skills:
 + Level 3.7 Fighting
 * Level 2.9 Long Blades
 * Level 4.2 Armour
 + Level 1.0 Dodging
 * Level 4.3 Shields


You had 4 spell levels left.
You didn't know any spells.
Your spell library contained the following spells:

 Spells                   Type           Power      Damage    Failure   Level
 Sandblast                Erth           0%         2d4       99%         1
 Passwall                 Tmut/Erth      0%         N/A       100%        2
 Stone Arrow              Conj/Erth      0%         3d7       100%        3
 Summon Forest            Summ/Tloc      0%         N/A       100%        5
 Summon Mana Viper        Hex/Summ       0%         N/A       100%        5
 Summon Cactus Giant      Summ           0%         N/A       100%        6


Dungeon Overview and Level Annotations

Branches:
Dungeon (4/15)
 Temple: D:4-7

Altars:

Annotations:
D:4 Natasha


Innate Abilities, Weirdness & Mutations

You are immune to sickness and miasma.
Your stone body is resilient. (AC +4)
You are immune to poison.
You resist negative energy. (rN+)
You are resistant to electric shocks. (rElec)
You are resistant to unholy torment.
You are immune to petrification.


Message History

You barely miss the adder. The adder bites you. You block the adder's attack.
You barely miss the adder. You block the adder's attack.
You hit the adder. You freeze the adder.
The adder is heavily wounded.
The adder barely misses you. You block the adder's attack.
You closely miss the adder.
The adder is heavily wounded.
You block the adder's attack. The adder bites you but does no damage.
You barely miss the adder.
The adder is heavily wounded.
The adder completely misses you.
You hit the adder.
The adder seems to slow down.
You freeze the adder.
You kill the adder!
Natasha, Servant of Life and Death comes into view.
She is carrying a wand of light (10).
Natasha casts a spell at you.
The magic dart hits you but does no damage.
Natasha casts a spell at you. You resist with some effort.
You slash Natasha! You freeze Natasha.
Natasha is severely wounded.
Natasha claws you but does no damage.
Natasha zaps a wand.
The bolt of light hits you but does no damage.
You completely miss Natasha.
Natasha is severely wounded.
Natasha casts a spell at you. The magic dart hits you!
You hit Natasha. You freeze Natasha.
Natasha is severely wounded.
Natasha claws you but does no damage.
You closely miss Natasha.
Natasha is severely wounded.
Natasha zaps a wand.
The bolt of light hits you! Natasha casts a spell at you.
The magic dart hits you.
You barely miss Natasha.
Natasha is severely wounded.
Natasha zaps a wand.
The bolt of light hits you!!
You are confused.
Ouch! That really hurt!
You die...

###......# #......#
#......# #......#
#......# #......# .
#......# ...
#######......######.....
................@h..#
....................#
....................#
....................#
....................#
....<...............#
#########.........###
#.........+


You could see Natasha.

Vanquished Creatures
  An orc wizard (D:3)
  4 adders
  An ufetubus (D:3)
  2 worms (D:3)
  A dart slug (D:1)
  2 orcs (D:3)
  10 endoplasms
  A giant cockroach (D:1)
  7 goblins
  6 hobgoblins
  9 jackals
  2 quokkas (D:2)
  5 ball pythons
  10 bats
  2 frilled lizards (D:1)
  8 kobolds
  5 rats
76 creatures vanquished.

Notes
Turn   | Place    | Note
-------+----------+-------------------------------------------
     0 | D:1      | timneilson the Gargoyle Fighter began the quest for the
                  | Orb.
     0 | D:1      | Reached XP level 1. HP: 14/14 MP: 1/1
    55 | D:1      | Reached XP level 2. HP: 15/19 MP: 2/2
   459 | D:1      | Reached XP level 3. HP: 19/23 MP: 3/3
   922 | D:2      | Reached XP level 4. HP: 28/28 MP: 4/4
  1746 | D:3      | Reached skill level 1 in Dodging
  1763 | D:3      | Reached XP level 5. HP: 33/33 MP: 5/5
  1978 | D:3      | Found the +1 Delatra's gloves {ID++}
  2376 | D:4      | Noticed Natasha
  2384 | D:4      | Killed from afar by Natasha

Illustrated notes

Levels and vault maps discovered:
D:1:      saegor_arrival_simple_b, layout_loops_ring, serial_bayou_pond_e,
          minivault_11
D:2:      layout_basic
D:3:      layout_rooms
D:4:      layout_gridville, nicolae_qazlal_scattered_showers,
          mainiacjoe_overflow_tiny_flanked, minmay_temple_entry_statues_pillars,
          serial_shops, shop, uniq_natasha, uniq_ijyb

Skill      XL: |  1  2  3  4 |
---------------+-------------+-----
Long Blades    | 2 |  2.9
Armour         | 4 |  4.2
Shields        | 4 |  4.3
Dodging        | 1 |  1.0
Fighting       | |  3.7

Action                     |  1- 3 |  4- 6 || total
---------------------------+-------+-------++-------
  Melee: Long sword        |   108 |   148 ||   256
    Use: Scroll            |     3 |     3 ||     6
 Armour: Scale mail        |    55 |       ||    55
         Chain mail        |    22 |   119 ||   141
  Dodge: Dodged            |    64 |    61 ||   125
  Block: Buckler           |    34 |    70 ||   104

Table legend: (Time is in decaauts)
 A = Elapsed time spent in this place.
 B = Non-inter-level travel time spent in this place.
 C = Inter-level travel time spent in this place.
 D = Time resting spent in this place.
 E = Time spent auto-exploring this place.
 F = Levels seen in this place.
 G = Mean time per level.
                   A        B        C        D        E       F      G
               +--------+--------+--------+--------+--------+-----+--------+
         Total |   2464 |   2382 |     82 |      0 |   1682 |   4 |  616.0 |
       Dungeon |   2464 |   2382 |     82 |      0 |   1682 |   4 |  616.0 |
               +--------+--------+--------+--------+--------+-----+--------+

Top non-repeatable levels by time:
     D:2: 900 daAuts
     D:1: 801 daAuts
     D:3: 705 daAuts
     D:4: 57 daAuts
